 Dungeon Crawl Stone Soup version 0.31.0-1-g2c135a008e (webtiles) character file.

Game seed: 9867470742468764627

166 Eitelfritz the Ruffian (level 5, -1/48 HPs)
             Began as a Troll Shapeshifter on Jan 20, 2024.
             Slain by a hound simulacrum (5 damage)
             ... in an ossuary.
             The game lasted 00:05:30 (2210 turns).

Eitelfritz the Ruffian (Troll Shapeshifter)         Turns: 2210, Time: 00:05:30

Health: -1/48      AC:  4    Str: 22    XL:     5   Next: 22%
Magic:  4/4        EV: 10    Int:  8    God:
Gold:   208        SH:  0    Dex:  9    Spells: 4/4 levels left

rFire   . .          .
                       - Unarmed
rCold   . . .        (no shield)
rNeg    . . .        a - +0 animal skin
rPois   .            (helmet currently unavailable)
rElec   .            (cloak currently unavailable)
rCorr   .            (gloves unavailable)
SInv    .            (boots unavailable)
Will    .....        n - amulet of the acrobat
Stlth   +            i - ring of flight
HPRegen 1.08/turn    (no ring)
MPRegen 0.09/turn

%: acrobat
@: beast-form, flying
A: beast (slay +2), large, unfitting armour, claws 3, regeneration 1, shaggy fur
1, tough skin 1
a: Begin Untransformation


You were in an ossuary.
You were a hulking beast.
You visited 1 branch of the dungeon, and saw 4 of its levels.
You also visited: Ossuary.

You collected 273 gold pieces.
You spent 65 gold pieces at shops.

Inventory:

Hand Weapons
 w - a +0 sling
Missiles
 z - 3 poisoned darts (quivered)
Armour
 a - a +0 animal skin (worn)
Jewellery
 i - a ring of flight (left claw)
 n - an amulet of the acrobat (around neck)
Talismans
 c - a beast talisman
 d - a flux talisman
 m - a serpent talisman
Scrolls
 e - 2 scrolls of amnesia {unknown}
 g - a scroll of poison {unknown}
 h - 2 scrolls of enchant armour {unknown}
 j - 5 scrolls of teleportation
 p - 2 scrolls of revelation {unknown}
 s - a scroll of immolation {unknown}
 u - a scroll of silence {unknown}
 v - a scroll of torment {unknown}
 y - a scroll of fear {unknown}
Potions
 b - a potion of lignification
 k - 2 potions of attraction
 l - 3 potions of curing
 o - 2 potions of haste
 q - 2 potions of brilliance
 r - a potion of enlightenment
 t - a potion of resistance {unknown}
 x - a potion of berserk rage {unknown}


   Skills:
 + Level 1.2 Fighting
 + Level 2.4 Dodging
 + Level 0.6 Stealth
 + Level 4.5 Unarmed Combat
 + Level 3.5 Shapeshifting


You had 4 spell levels left.
You didn't know any spells.
Your spell library contained the following spells:

 Spells                   Type           Power      Damage    Failure   Level
 Sandblast                Erth           0%         2d4       41%         1
 Blink                    Tloc           0%         N/A       54%         2
 Lesser Beckoning         Tloc           0%         N/A       54%         2
 Momentum Strike          Conj/Tloc      0%         3d8       54%         2
 Passwall                 Erth           0%         N/A       78%         3
 Stone Arrow              Conj/Erth      0%         3d7       78%         3
 Brom's Barrelling Bould  Conj/Erth      0%         2d3       99%         4


Dungeon Overview and Level Annotations

Branches:
Dungeon (4/15)            Ossuary (1/1)
 Temple: D:4-7

Altars:

Shops:
D:1 ?


Innate Abilities, Weirdness & Mutations

You are a hulking beast.
Your limbs bulge with bestial killing power. (Slay +2)
You are too large for most types of armour.
You have claws for hands.
Your natural rate of healing is unusually fast.
You are covered in fur. (AC +1)
You have tough skin. (AC +1)


Message History

The jackal simulacrum bites you but does no damage.
You claw the jackal simulacrum!
The jackal simulacrum vaporises!
You scratch the jackal simulacrum.
The jackal simulacrum vaporises!
You closely miss the adder simulacrum. The adder simulacrum bites you.
The adder simulacrum freezes you.
You claw the adder simulacrum!
The adder simulacrum vaporises!
The hound simulacrum barely misses you.
You scratch the gnoll simulacrum.
The gnoll simulacrum is heavily damaged.
The hound simulacrum bites you but does no damage.
The gnoll simulacrum closely misses you.
You claw the gnoll simulacrum!
The gnoll simulacrum vaporises!
The hound simulacrum bites you. The hound simulacrum freezes you.
The hound simulacrum bites you. The hound simulacrum freezes you.
The hound simulacrum closely misses you.
You closely miss the hound simulacrum.
The hound simulacrum closely misses you.
The hound simulacrum bites you. The hound simulacrum freezes you!
You scratch the hound simulacrum.
The hound simulacrum is heavily damaged.
The hound simulacrum misses you.
The hound simulacrum bites you but does no damage.
You claw the hound simulacrum!
The hound simulacrum vaporises!
The hound simulacrum bites you. The hound simulacrum freezes you!
* * * LOW HITPOINT WARNING * * *
You scratch the hound simulacrum.
The hound simulacrum is severely damaged.
The hound simulacrum bites you.
* * * LOW HITPOINT WARNING * * *
The hound simulacrum freezes you!
* * * LOW HITPOINT WARNING * * *
The hound simulacrum bites you.
* * * LOW HITPOINT WARNING * * *
The hound simulacrum freezes you.
You die...

#+ +# #. #.# #.. #..#
.. #...# ##^+#....#
#.. .....# #^##Z....#
#.hZZZ...# ##.Z#....#
#..##...# ##..##..#
##..##.# ##''###
##.....#
.#+#+#####+#+#......#
....................#


You could see an adder simulacrum, a jackal simulacrum, 2 hound simulacra and a
scorpion simulacrum.

Vanquished Creatures
  A scorpion (D:4)
  A hound (D:4)
  2 adders
  A hound simulacrum (Ossuary)
  2 adder simulacra (Ossuary)
  A dart slug (D:1)
  3 endoplasms
  2 giant cockroaches
  2 gnoll zombies (Ossuary)
  4 goblins
  4 jackals (D:3)
  3 kobolds (D:3)
  4 ball pythons
  8 bats
  2 frilled lizards (D:1)
  A gnoll simulacrum (Ossuary)
  2 jackal simulacra (Ossuary)
  3 orc zombies (Ossuary)
  8 rats
54 creatures vanquished.

Notes
Turn   | Place    | Note
-------+----------+-------------------------------------------
     0 | D:1      | Eitelfritz the Troll Shapeshifter began the quest for the
                  | Orb.
     0 | D:1      | Reached XP level 1. HP: 18/18 MP: 0/0
   132 | D:1      | Reached XP level 2. HP: 26/26 MP: 1/1
   224 | D:1      | Found a faded altar of an unknown god.
   225 | D:1      | Noticed an eye of devastation
   230 | D:1      | Noticed a great orb of eyes
   234 | D:1      | Noticed a golden eye
   234 | D:1      | Noticed a golden eye
   259 | D:1      | Reached skill level 1 in Fighting
   350 | D:1      | Found Pueg's Magic Scroll Emporium.
   359 | D:1      | Bought a scroll of teleportation for 39 gold pieces
   359 | D:1      | Bought a scroll of identify for 26 gold pieces
   689 | D:2      | Reached XP level 3. HP: 33/33 MP: 2/2
  1667 | D:3      | Reached skill level 4 in Unarmed Combat
  2070 | D:4      | Reached XP level 4. HP: 41/41 MP: 3/3
  2083 | D:4      | Noticed a scorpion
  2095 | D:4      | Killed a scorpion
  2096 | D:4      | Reached XP level 5. HP: 36/48 MP: 4/4
  2153 | D:4      | Found a sand-covered staircase.
  2166 | Ossuary  | Entered an ossuary
  2210 | Ossuary  | Slain by a hound simulacrum

Illustrated notes

Levels and vault maps discovered:
D:1:      lightli_arrival_boilingwater, layout_basic, serial_shops,
          nicolae_shop_peninsula, hellmonk_ecumenical_altar_watching_god
D:2:      layout_loops_ring
D:3:      layout_basic
D:4:      layout_cave_pods, overflow_temple_1_default,
          mainiacjoe_ossuary_entry_dusty_tomb, uniq_eustachio, uniq_pikel
Ossuary:  ossuary_zaba_two_paths

Skill      XL: |  1  2  3 |
---------------+----------+-----
Fighting       | 1 |  1.2
Unarmed Combat | 4 |  4.5
Dodging        | 2 |  2.4
Stealth        | |  0.6
Shapeshifting  | |  3.5

Action                     |  1- 3 |  4- 6 || total
---------------------------+-------+-------++-------
  Melee: Unarmed           |    86 |    29 ||   115
         Punch             |     4 |     1 ||     5
    Use: Scroll            |       |     5 ||     5
   Stab: Sleeping          |     2 |       ||     2
 Armour: Animal skin       |    82 |    23 ||   105
  Dodge: Dodged            |    71 |    16 ||    87
